 Dungeon Crawl Stone Soup version 0.21-a0-621-gc60411f (webtiles) character file.

2101 mortelune the Geomancer (level 9, -10/78 HPs)
             Began as a Deep Dwarf Earth Elementalist on Dec 24, 2017.
             Was a Follower of Makhleb.
             Hit by a tomahawk thrown by an orc warrior (19 damage)
             ... on level 6 of the Dungeon.
             The game lasted 00:40:33 (8405 turns).

mortelune the Geomancer (DDEE)                      Turns: 8405, Time: 00:40:33

Health: -10/78     AC:  3    Str: 12    XL:     9   Next: 7%
Magic:  3/12       EV: 14    Int: 19    God:    Makhleb [*.....]
Gold:   92         SH:  0    Dex: 13    Spells: 7/16 levels left

rFire    + . .     SeeInvis .   F - +0 whip (flame)
rCold    . . .     Gourm    +   (no shield)
rNeg     . . .     Faith    .   y - +0 leather armour {rF+}
rPois    .         Spirit   .   (no helmet)
rElec    .         Reflect  .   (no cloak)
rCorr    .         Harm     .   (no gloves)
MR       +....                  (no boots)
Stlth    ++........             h - amulet of the gourmand
HPRegen  0.00/turn              t - ring of wizardry
MPRegen  0.13/turn              (no ring)

@: non-regenerating
A: damage resistance, heal wounds, sense surroundings 2, no regeneration
a: Heal Wounds, Renounce Religion


You were on level 6 of the Dungeon.
You worshipped Makhleb.
Makhleb was aware of your devotion.
You were not hungry.

You visited 2 branches of the dungeon, and saw 7 of its levels.

You collected 292 gold pieces.
You spent 200 gold pieces at shops.

Inventory:

Hand Weapons
 g - a +0 short sword
 k - a +0 mace
 r - a +0 blowgun
 F - a +0 whip of flaming (weapon)
Missiles
 b - 67 stones (quivered)
 s - 43 poisoned needles
Armour
 c - a +0 robe
 q - a +0 leather armour
 y - a +0 leather armour of fire resistance (worn)
 G - a +2 robe of resistance
Jewellery
 f - an uncursed amulet of rage
 h - an amulet of the gourmand (around neck)
 t - a ring of wizardry (left hand)
 v - a cursed amulet of inaccuracy
Wands
 B - a wand of iceblast (9)
 E - a wand of acid (5)
Scrolls
 a - 2 scrolls of magic mapping
 m - 3 scrolls of teleportation
 n - 6 scrolls of remove curse
 o - 2 scrolls of fog
 u - 2 scrolls of blinking {unknown}
 x - 2 scrolls of identify
 z - a scroll of enchant weapon
 A - 2 scrolls of enchant armour
 D - a scroll of immolation {unknown}
Potions
 i - a potion of degeneration
 j - a potion of lignification
 l - a potion of berserk rage
 p - a potion of flight
 w - a potion of curing
 C - a potion of magic
 H - a potion of heal wounds
Books
 e - a book of Geomancy

   Spells                             Type                      Level
   a - Sandblast                      Earth                        1
   b - Passwall                       Transmutation/Earth          2
   c - Stone Arrow                    Conjuration/Earth            3
   d - Petrify                        Transmutation/Earth          4
   e - Lee's Rapid Deconstruction     Earth                        5
 I - a book of Callings

   Spells                             Type                      Level
   a - Summon Small Mammal            Summoning                    1
   b - Call Imp                       Summoning                    2
   c - Call Canine Familiar           Summoning                    3
   d - Summon Guardian Golem          Hexes/Summoning              3
   e - Summon Lightning Spire         Summoning/Air                4
   f - Summon Ice Beast               Ice/Summoning                4
Comestibles
 d - 7 rations


   Skills:
 - Level 3.7 Fighting
 + Level 5.8 Dodging
 - Level 2.4 Stealth
 + Level 4.4 Spellcasting
 + Level 4.1 Conjurations
   Level 0.8 Transmutations
 + Level 10.1 Earth Magic
 + Level 0.1 Invocations


You had 7 spell levels left.
You knew the following spells:

 Your Spells              Type           Power        Failure   Level  Hunger
a - Sandblast             Erth           #####.       1%          1    None
b - Stone Arrow           Conj/Erth      ####..       1%          3    ###....
c - Lee's Rapid Deconstr  Erth           #####.....   2%          5    ######.


Dungeon Overview and Level Annotations

Branches:
Dungeon (6/15)             Temple (1/1) D:4

Altars:
Fedhas
Gozag
Hepliaklqana
Makhleb
Nemelex Xobeh
Okawaru
Xom
Zin

Shops:
D:4 ?

Annotations:
D:4 Eustachio; dxctxrx's ghost, novice GnAs
D:5 Edmund


Innate Abilities, Weirdness & Mutations

You are resistant to damage.
You can heal yourself by infusing magical energy.
You passively map the area around you.
You do not regenerate.


Message History

Casting: Stone Arrow
Confirm with . or Enter, or press ? or * to list all spells.
Aiming: Sandblast
Press: ? - help, Shift-Dir - straight line, f/p - orc
Aim: an orc, wielding a dagger The blast of sand hits the orc.
You kill the orc!
Makhleb accepts your kill.
b - 67 stones
Casting: Sandblast
Confirm with . or Enter, or press ? or * to list all spells.
Aiming: Lee's Rapid Deconstruction
Press: ? - help, Dir - move target cursor The wall shatters!
The blast of rock fragments hits the orc warrior.
The orc warrior is heavily wounded.
Makhleb accepts your kill.
You feel a bit more experienced.
The orc warrior throws a tomahawk.
The tomahawk hits you!!
You die...

######...#, ** ** * *
...#.....#.###.### * * *
.........^.......> , ,
*,*
##.#.#.#.#.#####.#######
*
#.#...#.#.......o>..oo#
* * #.#####.# ### #)# *
, #.....#.# #.# * *
#####.#.# #.# * *, *
#.#.# #@# *,* * #.#.#
#.#######* ####.#.#
#.......#
#......#############.#
#...............# #.#
#............##.# #.#
#............##.# #.#
#............##.# #.#
#............##.# #.#


You could see an orc warrior.

Vanquished Creatures
  A two-headed ogre (D:6)
  Pikel (D:6)
  A hornet zombie (D:6)
  A sky beast (D:5)
  An ogre (D:5)
  A centaur (D:6)
  A bullfrog (D:6)
  2 scorpions
  A howler monkey (D:4)
  A crimson imp (D:6)
  An orc priest (D:2)
  3 centaur skeletons
  2 orc wizards (D:4)
  An iguana (D:6)
  Ijyb (D:2)
  2 worker ants
  A hound skeleton (D:4)
  A hound zombie (D:6)
  6 adders
  A shadow imp (D:5)
  An ooze (D:1)
  An adder zombie (D:6)
  5 worms
  3 dart slugs
  7 leopard geckos
  13 orcs
  2 ball pythons
  8 bats
  4 giant cockroaches
  9 goblins
  7 hobgoblins
  7 kobolds
  A quokka (D:6)
  7 frilled lizards
  2 quokka skeletons (D:4)
  6 rats
113 creatures vanquished.

Vanquished Creatures (others)
  A slave (D:6)
  A bush (D:6)
2 creatures vanquished.

Grand Total: 115 creatures vanquished

Notes
Turn   | Place    | Note
-------+----------+-------------------------------------------
     0 | D:1      | mortelune the Deep Dwarf Earth Elementalist began the quest for the Orb.
     0 | D:1      | Reached XP level 1. HP: 15/15 MP: 3/3
   107 | D:1      | Reached XP level 2. HP: 22/22 MP: 0/4
   759 | D:2      | Reached XP level 3. HP: 28/28 MP: 2/6
   767 | D:1      | Learned a level 3 spell: Stone Arrow
   911 | D:1      | Reached skill level 5 in Earth Magic
  1493 | D:2      | Reached XP level 4. HP: 21/36 MP: 3/7
  2440 | D:3      | Reached skill level 6 in Earth Magic
  2440 | D:3      | Reached XP level 5. HP: 12/42 MP: 5/7
  2496 | D:3      | Noticed Ijyb
  2496 | D:3      | Learned a level 5 spell: Lee's Rapid Deconstruction
  2514 | D:2      | Killed Ijyb
  2514 | D:2      | Reached skill level 1 in Conjurations
  3672 | D:4      | Noticed a phantom
  3745 | D:4      | Found an iron altar of Okawaru.
  3984 | D:4      | Noticed Eustachio
  4380 | D:4      | Found a staircase to the Ecumenical Temple.
  4395 | D:4      | Reached skill level 1 in Fighting
  4410 | D:4      | Noticed dxctxrx's ghost (novice GnAs)
  4717 | Temple   | Entered the Ecumenical Temple
  4722 | Temple   | Became a worshipper of Makhleb the Destroyer
  4745 | D:4      | Found Unolasin's Magic Scroll Emporium.
  4763 | D:4      | Bought a scroll of enchant weapon for 75 gold pieces
  4763 | D:4      | Bought a scroll of teleportation for 30 gold pieces
  4763 | D:4      | Bought a scroll of fog for 20 gold pieces
  4763 | D:4      | Bought a scroll of enchant armour for 75 gold pieces
  4767 | D:4      | Reached XP level 6. HP: 27/51 MP: 1/8
  5566 | D:5      | Entered Level 5 of the Dungeon
  5606 | D:5      | Reached skill level 7 in Earth Magic
  5867 | D:5      | Noticed Edmund
  6270 | D:5      | Noticed a sky beast
  6289 | D:5      | Killed a sky beast
  6289 | D:5      | Reached XP level 7. HP: 33/58 MP: 1/8
  6859 | D:6      | Noticed Pikel
  7260 | D:6      | Reached skill level 8 in Earth Magic
  7615 | D:6      | Noticed a two-headed ogre
  7629 | D:6      | Killed a two-headed ogre
  7629 | D:6      | Reached skill level 5 in Dodging
  7629 | D:6      | Reached skill level 9 in Earth Magic
  7629 | D:6      | Reached XP level 8. HP: 4/69 MP: 0/11
  7644 | D:6      | Reached * piety under Makhleb
  7924 | D:6      | Killed Pikel
  7924 | D:6      | Reached skill level 10 in Earth Magic
  7924 | D:6      | Gained mutation: You passively map the area around you. [Deep Dwarf growth]
  7924 | D:6      | Reached XP level 9. HP: 13/78 MP: 1/12
  8405 | D:6      | Hit by a tomahawk thrown by an orc warrior

Vault maps used:
D:1:      minmay_arrival_open_corners
D:2:      first_ration
D:3:      uniq_ijyb
D:4:      minmay_temple_entry_crystal_x, serial_shops,
          nicolae_shop_behind_doors, okawaru_gym_becter, uniq_eustachio
D:5:      uniq_edmund
D:6:      kb_lookout_dungeons_type, grunt_ministairs_6, uniq_pikel
Temple:   grunt_wide_crystal_templ

Skill      XL: |  1  2  3  4  5  6  7  8 |
---------------+-------------------------+-----
Spellcasting   | 2 3 4 |  4.4
Earth Magic    | 5 6 7 9 10 | 10.1
Dodging        | 3 4 5 |  5.8
Conjurations   | 1 2 3 4 |  4.1
Fighting       | 1 3 |  3.7
Stealth        | |  2.4
Transmutations | |  0.8
Invocations    | |  0.1

Action                   |  1- 3 |  4- 6 |  7- 9 || total
-------------------------+-------+-------+-------++-------
Melee: Short sword       |     7 |    20 |       ||    27
       Mace              |       |     2 |     1 ||     3
 Fire: Blowgun           |       |     1 |       ||     1
 Cast: Sandblast         |    45 |    69 |    38 ||   152
       Stone Arrow       |     9 |    32 |    12 ||    53
       Lee's Rapid Decon |       |     6 |     5 ||    11
 Abil: Heal Wounds       |       |     6 |       ||     6
Evoke: Wand              |       |     1 |     2 ||     3
  Use: Scroll            |     1 |     5 |     2 ||     8
       Potion            |       |     2 |     4 ||     6
  Eat: Chunk             |     4 |    14 |    11 ||    29
       Ration            |       |     2 |       ||     2
Armor: Robe              |     4 |     1 |       ||     5
       Leather armour    |       |     3 |     6 ||     9
Dodge: Dodged            |    25 |    43 |    13 ||    81

Table legend:
 A = Spawn XP
 B = Non-spawn XP
 C = Spawn XP percentage of total XP
 D = Spawn monster count
 E = Non-spawn monster count
 F = Spawn count percentage of total count
 G = Total turns spent on level
                    A         B        C        D         E        F      G
               +---------+---------+-------+---------+---------+-------+---------
         Total |       0 |    3002 |   0.0 |       0 |     113 |   0.0 |  8405
               +---------+---------+-------+---------+---------+-------+---------
           D:1 |       0 |      52 |   0.0 |       0 |      19 |   0.0 |  1075
           D:2 |       0 |     141 |   0.0 |       0 |      29 |   0.0 |  1275
           D:3 |       0 |      74 |   0.0 |       0 |      20 |   0.0 |  2008
           D:4 |       0 |     250 |   0.0 |       0 |      19 |   0.0 |  1514
           D:5 |       0 |     365 |   0.0 |       0 |       7 |   0.0 |   975
           D:6 |       0 |    2120 |   0.0 |       0 |      19 |   0.0 |  1545
               +---------+---------+-------+---------+---------+-------+---------
